Map: Echo LE

Players

Javert - Winner!

  • Race: Protoss Protoss
  • Spawn Location: 11:00

VOD

Have the link to the VOD?

Description

Time

  • Played on: April 2, 2015, 11:14 p.m.
  • Length: 133:40
Show
View Real Time Build Order
Export as new Build Order

Javert Protoss - Winner!

Build Orders:  

Get SALT Encoding   

  12  2:40  Assimilator  
  12  2:41  Pylon, Assimilator  
  12  2:46  Pylon  
  12  2:47  Probe (Chrono Boost)  
  12  2:52  Nexus, Pylon  
  12  2:58  Probe (Chrono Boost)  
  12  3:04  Probe  
  12  3:17  Probe (Chrono Boost)  
  12  3:26  Gateway  
  12  3:29  Probe (Chrono Boost)  
  12  3:37  Gateway  
  12  3:38  Probe (Chrono Boost)  
  12  3:46  Probe  
  12  3:58  Probe  
  12  4:50  Cybernetics Core  
  12  4:51  Probe (Chrono Boost)  
  12  4:52  Probe (Chrono Boost)  
  12  5:01  Probe x2 (Chrono Boost)  
  12  5:08  Probe x2  
  12  5:20  Probe x2  
  12  5:27  Warp Gate (Chrono Boost)  
  12  5:32  Probe (Chrono Boost)  
  12  5:33  Probe (Chrono Boost)  
  12  5:44  Probe x2 (Chrono Boost)  
  12  5:50  Probe x2 (Chrono Boost)  
  12  6:01  Probe (Chrono Boost)  
  12  6:02  Probe (Chrono Boost), Gateway  
  12  6:04  Gateway  
  12  6:08  Gateway  
  12  6:14  Mothership Core (Chrono Boost), Probe (Chrono Boost)  
  12  6:18  Assimilator  
  12  6:20  Assimilator  
  12  6:21  Probe (Chrono Boost)  
  12  6:25  Nexus  
  12  6:28  Probe, Assimilator x2  
  12  6:30  Probe  
  12  6:31  Pylon  
  12  6:34  Pylon  
  12  6:35  Pylon  
  12  6:41  Probe (Chrono Boost)  
  12  6:43  Probe (Chrono Boost)  
  12  6:55  Probe (Chrono Boost)  
  12  6:58  Probe (Chrono Boost)  
  12  7:01  Probe (Chrono Boost)  
  12  7:04  Probe  
  12  7:12  Probe  
  12  7:16  Probe  
  12  7:41  Adept x3  
  12  7:42  Adept x2  
  12  8:06  Zealot x5  
  12  8:22  Probe  
  12  8:23  Probe x2  
  12  8:29  Sentry x4  
  12  8:31  Stalker  
  12  8:34  Probe  
  12  8:35  Probe x2  
  12  8:47  Probe x3  
  12  8:59  Probe  
  12  55:43  Pylon  
  12  55:44  Pylon  
  12  55:45  Pylon  
  12  55:46  Pylon  
  12  55:47  Pylon  
  12  55:48  Pylon  
  12  56:01  Probe x3  
  12  56:12  Adept  
  12  56:13  Probe x2  
  12  56:15  Adept  
  12  56:16  Adept x2  
  12  56:17  Adept  
Tags
 
Add a new tag
Caveats
  • Supply blocks, unpowered buildings, or Contaminate may cause inaccurate times.
  • Supply counts are checked every 10 seconds.